 Dungeon Crawl Stone Soup version 0.30.0-5-g1a98f26d00 (webtiles) character file.

Game seed: 4758951664553107325

1 sircluck the Conjurer (level 1, -2/10 (14) HPs)
             Began as a Demigod Conjurer on May 9, 2023.
             Slain by a goblin
             ... wielding a +0 club
              (3 damage)
             ... on level 1 of the Dungeon.
             The game lasted 00:00:23 (206 turns).

sircluck the Conjurer (Demigod Conjurer)             Turns: 206, Time: 00:00:24

HP:   -2/10 (14)    AC:  2    Str:  8    XL:     1   Next: 13%
MP:   5/5           EV: 12    Int: 20    God:
Gold: 13            SH:  0    Dex: 12    Spells: 2/3 levels left

rFire   . . .        (no weapon)
rCold   . . .        (no shield)
rNeg    . . .        a - +0 robe
rPois   .            (no helmet)
rElec   .            (no cloak)
rCorr   .            (no gloves)
SInv    .            (no boots)
Will    .....        (no amulet)
Stlth   ++           (no ring)
HPRegen 0.21/turn    (no ring)
MPRegen 0.09/turn

%: no passive effects
@: very heavily drained
A: high MP 1, forlorn, divine attributes
a: no special abilities


You were on level 1 of the Dungeon.
You visited 1 branch of the dungeon, and saw 1 of its levels.

You collected 13 gold pieces.

Inventory:

Armour
 a - a +0 robe (worn)
Potions
 b - a potion of magic


   Skills:
 + Level 1.7 Dodging
 + Level 1.7 Stealth
 + Level 1.7 Spellcasting
 + Level 3.6 Conjurations


You had 2 spell levels left.
You knew the following spells:

 Your Spells              Type           Power      Damage    Failure   Level
a - Magic Dart            Conj           64%        1d6       3%          1

Your spell library contained the following spells:

 Spells                   Type           Power      Damage    Failure   Level
 Searing Ray              Conj           32%        2d5       5%          2
 Ensorcelled Hibernation  Hex/Ice        2%         N/A       24%         2
 Passwall                 Tmut/Erth      0%         N/A       24%         2
 Dazzling Flash           Conj/Hex       18%        N/A       22%         3
 Swiftness                Air            1%         N/A       43%         3
 Fulminant Prism          Conj/Hex       4%         3d5       58%         4
 Iskenderun's Mystic Bla  Conj/Tloc      9%         2d4       58%         4


Dungeon Overview and Level Annotations

Branches:
Dungeon (1/15)


Innate Abilities, Weirdness & Mutations

You have an increased reservoir of magic. (+10% MP)
You shall have no god before yourself.
Your divine heritage dramatically boosts your attributes as you level up.


Message History

The bat hits you but does no damage. The bat barely misses you.
The bat misses you.
You see here 3 javelins.
Found an escape hatch in the floor.
The bat barely misses you. The bat hits you but does no damage.
A goblin comes into view. It is wielding a +0 club.
The bat closely misses you.
The goblin shouts!
The bat hits you but does no damage. The bat attacks as you move away!
The bat hits you but does no damage. The bat barely misses you.
The bat hits you but does no damage. The goblin hits you with a +0 club.
The bat hits you. The bat closely misses you.
The goblin hits you but does no damage. The bat barely misses you.
The goblin hits you with a +0 club. The goblin hits you but does no damage.
The bat barely misses you. The bat hits you.
The goblin hits you with a +0 club. The bat hits you but does no damage. x2
The goblin hits you but does no damage. The bat hits you but does no damage.
The goblin hits you but does no damage. The bat closely misses you.
The goblin misses you. The bat misses you. The goblin closely misses you.
The bat hits you but does no damage. The goblin completely misses you.
The goblin hits you with a +0 club.
* * * LOW HITPOINT WARNING * * *
The bat hits you but does no damage. The bat barely misses you.
The goblin hits you but does no damage. The bat hits you but does no damage.
The goblin hits you but does no damage. The bat barely misses you.
The goblin closely misses you. The goblin hits you with a +0 club.
* * * LOW HITPOINT WARNING * * *
The bat barely misses you. The bat closely misses you.
The goblin closely misses you. The bat misses you.
The bat hits you but does no damage. The goblin closely misses you.
The goblin hits you with a +0 club.
You die...

#. #.# ######.# #.#
.......##### #!#
#.........# #.#
###.........#+#######[#
+..............[....#.#
#.........[............
#......b...(...........
#....g@.....#######..).
#...........# #....
#...........# #....
#...........# #....
#..>........# #....
##............ #....
+.............# #....
#######.......#


You could see a goblin and a bat.

Vanquished Creatures
  A goblin (D:1)
1 creature vanquished.

Notes
Turn   | Place    | Note
-------+----------+-------------------------------------------
     0 | D:1      | sircluck the Demigod Conjurer began the quest for the Orb.
     0 | D:1      | Reached XP level 1. HP: 14/14 MP: 5/5
   206 | D:1      | Slain by a goblin

Illustrated notes

Levels and vault maps discovered:
D:1:      psy_arrival_statuary, layout_basic

Action                     || total
---------------------------++-------
  Melee: Unarmed           ||     9
 Armour: Robe              ||    65
  Dodge: Dodged            ||    88
